AoeStats
← Tran

Arabia

503138992Analyzed
2v2 RM · 3mo ago on Aug 30, 2026· 43m 34s· 4 players
Game mode
Random Map
Map size
Medium (4 player)
Population
200
Speed
Normal
Resources
Standard
Victory
Conquest
Starting age
Dark Age
Ending age
Imperial Age
RankedLock teamsTeams togetherTeam positionsShared explorationLock speedFull tech treeHidden civsTurbo modeCheats
Victory
Defeat
🇳🇱 Persians · Netherlands
1184
+16
🇳🇱 Ethiopians · Netherlands
1180
+17
vs
🇷🇺 Inca · Russia
1279
-20
🇷🇺 Cumans · Russia
1109
-13
Tran
8:40 Feudal Age
9:01 Double-Bit Axe
8:57 Horse Collar
10:40 Loom
19:23 Castle Age
17:48 Gold Mining
18:11 Forging
18:41 Scale Barding Armor
19:09 Bloodlines
19:31 Light Cavalry
20:11 Husbandry
20:49 Iron Casting
20:09 Town Watch
21:42 Wheelbarrow
22:02 Bow Saw
23:59 Town Patrol
27:03 Hand Cart
32:18 Chain Barding Armor
39:31 Imperial Age
39:14 Cavalier
41:11 Plate Barding Armor
41:37 Blast Furnace
41:42 Savar
43:51 Conscription
Juan Sape
9:52 Feudal Age
8:47 Loom
11:57 Double-Bit Axe
11:53 Horse Collar
18:55 Forging
18:38 Fletching
18:53 Gold Mining
21:56 Wheelbarrow
24:20 Castle Age
25:03 Crossbowman
25:48 Thumb Ring
25:44 Bodkin Arrow
25:50 Padded Archer Armor
28:12 Bow Saw
29:59 Heavy Plow
32:37 Gold Shaft Mining
32:38 Leather Archer Armor
38:21 Imperial Age
38:51 Ballistics
39:06 Bracer
38:30 Arbalester
40:01 Hand Cart
41:09 Ring Archer Armor
42:13 Light Cavalry
42:53 Husbandry
hey good lookin`
0:27 Loom
11:36 Feudal Age
22:24 Wheelbarrow
21:49 Double-Bit Axe
22:16 Gold Mining
26:41 Castle Age
24:33 Horse Collar
26:06 Forging
26:02 Scale Barding Armor
28:02 Iron Casting
28:13 Chain Barding Armor
28:31 Bloodlines
38:10 Steppe Husbandry
Dakt
4:34 Loom
11:33 Feudal Age
12:16 Double-Bit Axe
12:05 Champi Runner
23:27 Castle Age
21:50 Scale Mail Armor
22:01 Horse Collar
22:13 Stone Mining
24:37 Pikeman
31:49 Squires
36:58 Chain Mail Armor
37:25 Champi Warrior
42:30 Forging
Connection lost

Rejoining the realm…

Still unreachable

The connection could not be restored.

Session expired

The server has moved on; the page needs a fresh start.